 Dungeon Crawl Stone Soup version bcrawl-1.31.4 (webtiles) character file.

Game seed: 8572651736843527088

251935 Morbidden the Bolt Thrower (level 8, -3/62 HPs)
             Began as a Demonspawn Archaeologist on June 19, 2021.
             Was a Believer of Cheibriados.
             Slain by a bullfrog (10 damage)
             ... on level 7 of the Dungeon.
             The game lasted 00:05:58 (5978 turns).

Morbidden the Bolt Thrower (DsAc)                   Turns: 5978, Time: 00:05:59

Health: -3/62      AC: 14    Str: 18    XL:     8   Next: 96%
Magic:  13/13      EV: 13    Int: 19    God:    Cheibriados [**....]
Gold:   464        SH:  0    Dex: 16    Spells: 14/14 levels left

rFire    . . .     SeeInvis .   a - +2 dagger (venom)
rCold    . . .     Gourm    .   (no shield)
rNeg     . . .     Faith    .   J - +3 leather armour
rPois    .         Spirit   .   H - +1 helmet
rElec    .         Reflect  .   (no cloak)
rCorr    .         Harm     .   (no gloves)
MR       .....                  n - +1 pair of boots
Stlth    ++........             (no amulet)
HPRegen  0.20/turn              o - +4 ring of protection
MPRegen  0.13/turn              (no ring)

@: hasted, drained
A: hooves 1, demonic guardian 1, powered by pain 3
a: Bend Time, Renounce Religion


You were on level 7 of the Dungeon.
You worshipped Cheibriados.
Cheibriados was pleased with you.
You were not hungry.

You visited 2 branches of the dungeon, and saw 8 of its levels.

You collected 464 gold pieces.

Inventory:

Hand Weapons
 a - a +2 dagger of venom (weapon)
 b - the +11 arbalest "Conservator" {penet, +Blink rElec rF-}
   (You acquired it on level 3 of the Dungeon)

   Ammo fired by it will pass through the targets it hits, potentially hitting
   all targets in its path until it reaches its maximum range.
   It makes you vulnerable to fire.
   It insulates you from electricity.
   It lets you blink.
 h - a +0 blowgun
Missiles
 f - 4 curare-tipped needles
 v - 131 bolts
Armour
 n - a +1 pair of boots (worn)
 H - a +1 helmet (worn)
 J - a +3 leather armour (worn)
Jewellery
 o - a +4 ring of protection (left hand)
Wands
 F - a wand of flame (22)
 G - a wand of disintegration (10)
Scrolls
 g - 5 scrolls of magic mapping
 i - 8 scrolls of identify
 j - a scroll of amnesia {unknown}
 k - 8 scrolls of remove curse {unknown}
 r - 2 scrolls of enchant armour {unknown}
 t - 3 scrolls of immolation {unknown}
 w - a scroll of enchant weapon {unknown}
 y - a scroll of teleportation {unknown}
 z - a scroll of acquirement
 A - a scroll of blinking {unknown}
 C - a scroll of silence {unknown}
 E - a scroll of fear {unknown}
Potions
 c - a potion of lignification {unknown}
 l - 3 potions of haste
 m - a potion of ambrosia {unknown}
 p - a potion of magic {unknown}
 q - a potion of invisibility {unknown}
 s - a potion of berserk rage {unknown}
 u - 6 potions of curing {unknown}
 x - a potion of brilliance {unknown}
 B - a potion of cancellation {unknown}
 D - 2 potions of heal wounds {unknown}
Comestibles
 e - 9 rations {!d}


   Skills:
 * Level 5.2(4.1) Fighting
 + Level 3.2(2.3) Short Blades
   Level 1.2(0.3) Maces & Flails
 * Level 5.2(4.2) Crossbows
 + Level 0.2(0.0) Armour
 + Level 4.5(3.5) Dodging
 + Level 4.7(3.7) Stealth
 * Level 3.6(2.6) Spellcasting
 * Level 3.2(2.2) Invocations


You had 14 spell levels left.
You didn't know any spells.
Your spell library was empty.

Dungeon Overview and Level Annotations

Branches:
Dungeon (7/12)             Temple (1/1) D:4
   Lair: D:7-9

Altars:
Ashenzari
Cheibriados
Dithmenos
Elyvilon
Fedhas
Gozag
Hepliaklqana
Kikubaaqudgha
Lugonu
Makhleb
Nemelex Xobeh
Okawaru
Qazlal
Ru
Sif Muna
Trog
Uskayaw
Vehumet
Wu Jian
Xom
Yredelemnul
Zin
The Shining One

Shops:
D:4 (

Annotations:
D:5 3 runed translucent doors, Morbidden's ghost, novice VSAc; izumii3's ghost, novice CeSk; izumii3's ghost, novice EnBe; yrara's ghost, novice DsFi


Innate Abilities, Weirdness & Mutations

You have large cloven feet.
A weak demonic guardian rushes to your aid.
You are powered by pain.


Message History

Your quasit closely misses the crimson imp.
Your quasit misses the crimson imp. The bullfrog barely misses you.
The crimson imp barely misses you.
Your ufetubus blinks!
The centaur closely misses you.
Unknown command.
Unknown command.
You closely miss the bullfrog.
Your quasit closely misses the crimson imp.
Your quasit completely misses the crimson imp.
Your quasit claws the crimson imp.
The bullfrog closely misses you. The centaur closely misses you.
The crimson imp closely misses you.
Unknown command.
Unknown command.
Unknown command.
Okay, then.
It was a potion of haste.
You feel yourself speed up.
Cheibriados forgives your accidental hurry, just this once.
The bullfrog hits you!
You die...

....# ..
#)...###...#
#.....#.(# ...
#...####.# .
##..# #†## ##..
....## #)†#.....
.##...###........
#...)).......
#.55.#....###
#.5@.###..#
#.Fc.# ..#
.......# ..#
........># ..
.####..... ..
....... ..#.....
..####...#


You could see a bullfrog, a centaur, a crimson imp, a friendly quasit and a
friendly ufetubus.

Vanquished Creatures
  Grinder (D:4)
  2 porcupines (D:7)
  Duvessa (D:7)
  2 phantoms
  2 centaurs
  3 bullfrogs
  Dowan (D:7)
  2 scorpions
  4 wights (D:7)
  2 howler monkeys
  An electric eel (D:6)
  A crimson imp (D:6)
  A hound (D:6)
  2 jellies (D:6)
  An orc priest (D:4)
  2 orc wizards
  5 worker ants
  6 adders
  A gnoll (D:6)
  A shadow imp (D:6)
  3 oozes (D:2)
  4 worms
  2 dart slugs
  3 leopard geckos
  11 orcs
  2 ball pythons
  4 giant cockroaches
  A goblin (D:4)
  6 hobgoblins
  8 jackals
  A quokka (D:1)
  6 bats
  A frilled lizard (D:3)
  A jackal skeleton (D:6)
  4 kobolds
  A rat (D:2)
  A butterfly (D:4)
100 creatures vanquished.

Vanquished Creatures (collateral kills)
  An ogre (D:6)
  A centaur skeleton (D:2)
  An adder (D:5)
  A hobgoblin (D:4)
  A jackal (D:7)
  A kobold (D:2)
6 creatures vanquished.

Grand Total: 106 creatures vanquished

Notes
Turn   | Place    | Note
-------+----------+-------------------------------------------
     0 | D:1      | Morbidden the Demonspawn Archaeologist began the quest for
                  | the Orb.
     0 | D:1      | Reached XP level 1. HP: 15/15 MP: 1/1
   152 | D:1      | Gained mutation: You sometimes gain a little power by
                  | taking damage. [demonic ancestry]
   152 | D:1      | Reached XP level 2. HP: 21/21 MP: 2/2
   795 | D:2      | Reached skill level 1 in Maces & Flails
   819 | D:2      | Gained mutation: A weak demonic guardian rushes to your
                  | aid. [demonic ancestry]
   819 | D:2      | Reached XP level 3. HP: 14/26 MP: 3/3
  1394 | D:2      | Gained mutation: You sometimes gain power by taking damage.
                  | [demonic ancestry]
  1394 | D:2      | Reached XP level 4. HP: 21/33 MP: 4/4
  1553 | D:2      | Found a white marble altar of Elyvilon.
  1669 | D:2      | Found a hazy altar of Hepliaklqana.
  1670 | D:2      | Found a shadowy altar of Dithmenos.
  1671 | D:2      | Noticed a shadow
  1833 | D:3      | Reached skill level 1 in Spellcasting
  2078 | D:3      | Reached XP level 5. HP: 39/39 MP: 6/6
  2078 | D:3      | Identified a scroll of acquirement
  2078 | D:3      | Identified the +11 arbalest "Conservator" {penet, +Blink
                  | rElec rF-} (You acquired it on level 3 of the Dungeon)
  2078 | D:3      | Identified the ring of Qiustuam {*Drain +Inv Int+4 Slay+2}
                  | (You acquired it on level 3 of the Dungeon)
  2422 | D:4      | Noticed a phantom
  2430 | D:4      | Killed a phantom
  2431 | D:4      | Reached skill level 1 in Short Blades
  2611 | D:4      | Noticed Grinder
  2619 | D:4      | Killed Grinder
  2620 | D:4      | Reached skill level 1 in Crossbows
  2620 | D:4      | Gained mutation: You are powered by pain. [demonic
                  | ancestry]
  2620 | D:4      | Reached XP level 6. HP: 34/47 MP: 7/9
  2801 | D:4      | Found Hatiteiw's Antique Weapon Emporium.
  3090 | D:4      | Reached XP level 7. HP: 47/53 MP: 10/10
  3458 | D:4      | Found a staircase to the Ecumenical Temple.
  3468 | Temple   | Entered the Ecumenical Temple
  3634 | Temple   | Became a worshipper of Cheibriados the Contemplative
  3726 | D:5      | Entered Level 5 of the Dungeon
  4180 | D:5      | Found an ornate altar of the Wu Jian Council.
  4203 | D:5      | Found a runed translucent gate.
  4203 | D:5      | Found a runed translucent gate.
  4206 | D:5      | Found a runed translucent gate.
  4206 | D:5      | Noticed izumii3's ghost (novice EnBe)
  4206 | D:5      | Noticed yrara's ghost (novice DsFi)
  4207 | D:5      | Noticed Morbidden's ghost (novice VSAc)
  4207 | D:5      | Noticed izumii3's ghost (novice CeSk)
  4207 | D:5      | Noticed Morbidden's ghost (novice VSAc)
  4261 | D:5      | Found a white marble altar of Elyvilon.
  4262 | D:5      | Noticed an angel
  4263 | D:5      | Found a runed door.
  4271 | D:5      | Noticed a hungry ghost
  4612 | D:6      | Reached skill level 1 in Invocations
  4673 | D:6      | Reached * piety under Cheibriados
  4689 | D:6      | Gained mutation: You have large cloven feet. [demonic
                  | ancestry]
  4689 | D:6      | Reached XP level 8. HP: 54/60 MP: 10/12
  5649 | D:7      | Noticed Duvessa
  5651 | D:7      | Noticed Dowan
  5653 | D:7      | Killed Duvessa
  5659 | D:7      | Killed Dowan
  5768 | D:7      | Reached skill level 5 in Crossbows
  5815 | D:7      | Reached skill level 5 in Fighting
  5831 | D:7      | Reached ** piety under Cheibriados
  5978 | D:7      | Slain by a bullfrog

Skill      XL: |  1  2  3  4  5  6  7  8 |
---------------+-------------------------+-----
Dodging        | 3 4 |  4.5
Maces & Flails | 1 |  1.2
Fighting       | 2 3 4 5 |  5.2
Spellcasting   | 1 2 3 |  3.6
Short Blades   | 1 2 3 |  3.2
Stealth        | 4 |  4.7
Crossbows      | 1 2 4 5 |  5.2
Invocations    | 1 3 |  3.2
Armour         | |  0.2

Action                   |  1- 3 |  4- 6 |  7- 9 || total
-------------------------+-------+-------+-------++-------
Melee: Whip              |   100 |       |       ||   100
       Mace              |    19 |       |       ||    19
       Dagger            |    16 |    43 |   224 ||   283
 Fire: Blowgun           |     2 |       |       ||     2
       Arbalest          |       |    20 |    34 ||    54
  Use: Scroll            |       |     1 |       ||     1
       Potion            |       |       |     1 ||     1
 Stab: Sleeping          |     5 |     5 |     3 ||    13
       Distracted        |       |     1 |       ||     1
  Eat: Chunk             |     2 |     6 |    15 ||    23
       Ration            |     1 |       |       ||     1
Armor: Robe              |    57 |    21 |    55 ||   133
       Leather armour    |       |       |    37 ||    37
Dodge: Dodged            |   104 |    20 |   195 ||   319
